 Dungeon Crawl Stone Soup version 0.22.1-1-ga44c0e5 (webtiles) character file.

9584 harcile the Blocker (level 11, -1/95 HPs)
             Began as a Hill Orc Fighter on Oct 29, 2018.
             Was a Priest of Qazlal.
             Slain by a freezing wraith (6 damage)
             ... on level 12 of the Dungeon.
             The game lasted 00:26:41 (9433 turns).

harcile the Blocker (Hill Orc Fighter)              Turns: 9433, Time: 00:26:41

Health: -1/95      AC: 13    Str: 27    XL:     11   Next: 48%
Magic:  11/11      EV:  6    Int:  8    God:    Qazlal [***...]
Gold:   532        SH: 23    Dex: 14    Spells: 10/10 levels left

rFire    . . .     SeeInvis .   a - +1 scimitar (flame)
rCold    . . .     Gourm    .   x - +0 large shield
rNeg     + . .     Faith    .   N - +2 plate armour {rN+}
rPois    .         Spirit   .   (no helmet)
rElec    .         Reflect  .   M - +0 cloak
rCorr    .         Harm     .   v - +0 pair of gloves
MR       .....                  (no boots)
Stlth    ..........             (no amulet)
HPRegen  0.25/turn              l - +3 ring of protection
MPRegen  0.12/turn              b - +3 ring of dexterity

@: mighty, corroded, slowed, very slow
A: no striking features
a: Upheaval, Elemental Force, Renounce Religion


You were on level 12 of the Dungeon.
You worshipped Qazlal.
Qazlal was most pleased with you.
You were hungry.

You visited 2 branches of the dungeon, and saw 13 of its levels.

You collected 730 gold pieces.
You spent 198 gold pieces at shops.

Inventory:

Hand Weapons
 a - a +1 scimitar of flaming (weapon)
 r - a +0 mace of holy wrath
 y - a +0 spear of venom
Armour
 v - a +0 pair of gloves (worn)
 x - a +0 large shield (worn)
 M - a +0 cloak (worn)
 N - a +2 plate armour of positive energy (worn)
Magical Staves
 I - an uncursed staff of summoning
Jewellery
 b - a +3 ring of dexterity (right hand)
 l - a +3 ring of protection (left hand)
 q - an uncursed ring of protection from cold
 O - an uncursed ring of magical power {unknown}
Wands
 g - a wand of paralysis (21)
 F - a wand of scattershot (4)
 G - a wand of iceblast (31)
 H - a wand of clouds (5)
Scrolls
 e - 5 scrolls of teleportation
 j - 4 scrolls of remove curse {unknown}
 k - 8 scrolls of identify {unknown}
 o - 2 scrolls of fear {unknown}
 p - a scroll of enchant weapon {unknown}
 t - 2 scrolls of fog {unknown}
 u - a scroll of blinking {unknown}
 w - a scroll of random uselessness {unknown}
 J - a scroll of vulnerability {unknown}
 L - a scroll of amnesia {unknown}
Potions
 d - 2 potions of might
 h - 2 potions of curing
 i - 2 potions of lignification {unknown}
 m - 2 potions of degeneration {unknown}
 n - 2 potions of brilliance {unknown}
 s - 2 potions of cancellation {unknown}
 z - a potion of magic {unknown}
 A - 2 potions of resistance {unknown}
 B - a potion of flight {unknown}
 C - a potion of berserk rage {unknown}
 D - a potion of haste {unknown}
 E - 2 potions of invisibility {unknown}
 K - 3 potions of heal wounds {unknown}
Comestibles
 c - a chunk of flesh
 f - 20 rations


   Skills:
 + Level 8.7 Fighting
 + Level 11.6 Long Blades
 + Level 7.7 Armour
 - Level 2.0 Dodging
 - Level 1.2 Stealth
 + Level 11.6 Shields


You had 10 spell levels left.
You didn't know any spells.
Your spell library contained the following spells:

 Spells                   Type           Power        Failure   Level  Hunger
 Magic Dart               Conj           #...         100%        1    ##.....
 Blink                    Tloc           N/A          100%        2    ###....
 Call Imp                 Summ           #.......     100%        2    ###....
 Slow                     Hex            #.......     100%        2    ###....
 Conjure Flame            Conj/Fire      #.......     100%        3    ####...
 Mephitic Cloud           Conj/Pois/Air  #.......     100%        3    ####...


Dungeon Overview and Level Annotations

Branches:
Dungeon (13/15)            Temple (1/1) D:5            Lair (0/6) D:8
    Orc: D:9-12      Vaults: D:13-14

Altars:
Ashenzari
Cheibriados
Dithmenos
Elyvilon
Fedhas
Gozag
Hepliaklqana
Kikubaaqudgha
Makhleb
Nemelex Xobeh
Okawaru
Qazlal
Ru
Sif Muna
Trog
Uskayaw
Vehumet
Wu Jian
Xom
Yredelemnul
Zin
The Shining One

Shops:
D:5 (   D:6 (

Annotations:
D:12 Nergalle
D:13 Azrael


Message History

The orc hits you but does no damage.
The spectral orc hits you with a falchion.
* * * LOW HITPOINT WARNING * * *
The acid dragon bites you.
* * * LOW HITPOINT WARNING * * *
You block the acid dragon's attack.
The freezing wraith hits you but does no damage.
The freezing wraith barely misses you.
The orc is engulfed in freezing vapours.
You kill the orc!
Qazlal accepts your kill. You block the orc's attack.
The spectral orc knight hits you but does no damage.
The spectral orc warrior hits you but does no damage.
The spectral orc hits you but does no damage.
The orc hits you with a dagger.
* * * LOW HITPOINT WARNING * * *
You block Nergalle's attack. The spectral orc barely misses you.
The freezing wraith barely misses you. The freezing wraith hits you.
You die...

.. #. #. ##. #.
# #..#####...
..###.#........
...............
#....ZWoZ......
.##.##o@o.#####
#ZDZ.# ##.Z..#
#.<...#
#......#
#.......#
#...(...#
#........


You could see Nergalle, a freezing wraith, 2 spectral orcs, 2 spectral orc
warriors, a spectral orc knight, an acid dragon and 2 orcs.

Vanquished Creatures
  A hydra (D:10)
  An ugly thing (D:13)
  Pikel (D:7)
  Joseph (D:7)
  Maurice (D:10)
  A gargoyle (D:10)
  Sigmund (D:6)
  A wyvern (D:7)
  A fire elemental (D:13)
  10 yaks
  Menkaure (D:7)
  A porcupine (D:8)
  4 sky beasts
  3 ice beasts
  5 orc warriors
  A phantom (D:6)
  A black bear (D:6)
  3 ogres
  5 centaurs
  5 bullfrogs
  A wyvern skeleton (D:8)
  3 scorpions
  A water moccasin skeleton (D:7)
  22 killer bees
  4 wights (D:6)
  3 howler monkeys (D:9)
  3 crimson imps
  2 quasits
  4 hounds
  A gnoll shaman (D:6)
  A jelly (D:6)
  5 orc priests
  10 orc wizards
  2 centaur skeletons
  An iguana (D:9)
  3 worker ants
  9 gnolls
  8 adders
  3 shadow imps
  3 oozes
  An adder zombie (D:6)
  An adder skeleton (D:8)
  4 worms
  3 dart slugs
  7 leopard geckos
  30 orcs
  7 giant cockroaches
  14 goblins
  13 hobgoblins
  6 jackals
  9 kobolds
  6 quokkas
  3 ball pythons
  6 bats
  10 frilled lizards
  A leopard gecko skeleton (D:5)
  2 quokka skeletons (D:4)
  A quokka zombie (D:9)
  10 rats
271 creatures vanquished.

Vanquished Creatures (others)
  3 orcs (D:7)
  4 fungi (D:8)
7 creatures vanquished.

Grand Total: 278 creatures vanquished

Notes
Turn   | Place    | Note
-------+----------+-------------------------------------------
     0 | D:1      | harcile the Hill Orc Fighter began the quest for the Orb.
     0 | D:1      | Reached XP level 1. HP: 19/19 MP: 1/1
   157 | D:1      | Reached XP level 2. HP: 27/27 MP: 2/2
   319 | D:1      | Reached XP level 3. HP: 33/33 MP: 3/3
   685 | D:1      | Reached XP level 4. HP: 27/40 MP: 4/4
  1121 | D:2      | Reached XP level 5. HP: 26/46 MP: 5/5
  1422 | D:2      | Reached skill level 1 in Dodging
  1527 | D:2      | Found a glowing silver altar of Zin.
  1528 | D:2      | Found an ornate altar of the Wu Jian Council.
  1989 | D:3      | Reached XP level 6. HP: 48/52 MP: 6/6
  2421 | D:4      | Reached skill level 5 in Shields
  2747 | D:5      | Entered Level 5 of the Dungeon
  2747 | D:5      | Noticed a sky beast
  2758 | D:4      | Reached skill level 5 in Long Blades
  2936 | D:5      | Reached XP level 7. HP: 17/60 MP: 7/7
  2954 | D:5      | HP: 2/60 [something (5)]
  3303 | D:5      | Found Bimenuann's Weapon Shoppe.
  3334 | D:5      | Bought a +1 scimitar of flaming for 198 gold pieces
  3580 | D:5      | Found a sacrificial altar of Ru.
  3580 | D:5      | Found an ancient bone altar of Kikubaaqudgha.
  3758 | D:5      | Found a stormy altar of Qazlal.
  3820 | D:5      | Became a worshipper of Qazlal Stormbringer
  3981 | D:5      | Found a staircase to the Ecumenical Temple.
  3990 | Temple   | Entered the Ecumenical Temple
  4190 | D:5      | Found a deep blue altar of Sif Muna.
  4265 | D:6      | Found Duiganeof's Weapon Shop.
  4329 | D:6      | Reached XP level 8. HP: 42/67 MP: 8/8
  4348 | D:6      | Reached skill level 5 in Fighting
  4352 | D:6      | Reached skill level 5 in Armour
  4570 | D:6      | Reached skill level 1 in Stealth
  4897 | D:6      | Reached * piety under Qazlal
  4988 | D:6      | Found a deep blue altar of Sif Muna.
  4990 | D:6      | Noticed Sigmund
  4998 | D:6      | Killed Sigmund
  4998 | D:6      | Reached XP level 9. HP: 72/75 MP: 9/9
  5437 | D:7      | Noticed Joseph
  5437 | D:7      | Noticed Pikel
  5464 | D:7      | Killed Joseph
  5468 | D:7      | Killed Pikel
  5704 | D:7      | Noticed Menkaure
  5713 | D:7      | Killed Menkaure
  5713 | D:7      | Reached XP level 10. HP: 86/86 MP: 10/10
  6599 | D:8      | Reached skill level 10 in Long Blades
  7090 | D:8      | Reached ** piety under Qazlal
  7945 | D:8      | Found a staircase to the Lair.
  8125 | D:9      | Reached skill level 10 in Shields
  8381 | D:9      | Reached XP level 11. HP: 80/94 MP: 11/11
  8546 | D:9      | Reached *** piety under Qazlal
  8855 | D:10     | Entered Level 10 of the Dungeon
  8925 | D:10     | Noticed an eight-headed hydra
  8936 | D:10     | Killed a two-headed hydra
  9314 | D:10     | Noticed Maurice
  9330 | D:10     | Paralysed by something for 4 turns
  9340 | D:10     | Killed Maurice
  9363 | D:10     | You fall through a shaft for 3 floors!
  9364 | D:13     | Noticed Azrael
  9372 | D:13     | Noticed a brown ugly thing
  9397 | D:13     | Killed a brown ugly thing
  9424 | D:12     | Noticed Nergalle
  9432 | D:12     | HP: 4/95 [acid (11)]
  9433 | D:12     | Slain by a freezing wraith

Skill      XL: |  1  2  3  4  5  6  7  8  9 10 11 |
---------------+----------------------------------+-----
Fighting       | 4 5 7 8 |  8.7
Long Blades    | 3 4 5 7 9 10 11 | 11.6
Shields        | 4 5 6 7 8 10 11 | 11.6
Dodging        | 1 2 |  2.0
Armour         | 4 5 6 7 |  7.7
Stealth        | 1 |  1.2

Action                   |  1- 3 |  4- 6 |  7- 9 | 10-12 || total
-------------------------+-------+-------+-------+-------++-------
Melee: Long sword        |   117 |   315 |    40 |       ||   472
       Scimitar          |       |       |   273 |   434 ||   707
  Use: Potion            |       |     1 |     1 |     3 ||     5
       Scroll            |       |       |       |     1 ||     1
  Eat: Chunk             |       |     7 |    10 |    12 ||    29
Armor: Scale mail        |    49 |   137 |    99 |    39 ||   324
       Plate armour      |       |       |       |   109 ||   109
Dodge: Dodged            |    38 |    75 |    51 |    67 ||   231
Block: Shield            |    70 |   131 |       |       ||   201
       Large shield      |       |    44 |   243 |   509 ||   796
       Rpst.: Long sword |    13 |    22 |     7 |       ||    42
       Scimitar          |       |       |    11 |    21 ||    32
